 Dungeon Crawl Stone Soup version 0.29.1-13-g9f3cf754e1 (webtiles) character file.

Game seed: 3729115808775580608

874 bjubeck the Cudgeller (level 7, -1/63 HPs)
             Began as a Minotaur Fighter on Jan 31, 2023.
             Slain by a killer bee (5 damage)
             ... on level 6 of the Dungeon.
             The game lasted 00:12:45 (4279 turns).

bjubeck the Cudgeller (Minotaur Fighter)            Turns: 4279, Time: 00:12:46

Health: -1/63      AC:  7    Str: 23    XL:     7   Next: 74%
Magic:  0/6        EV: 10    Int:  1    God:
Gold:   369        SH:  5    Dex: 13    Spells: 6/6 levels left

rFire   . . .      SeeInvis .   k - +8 whip "Yfacsu" {pain, rElec Will+ Int-4 Dex+4}
rCold   . . .      Faith    .   c - +0 buckler
rNeg    . . .      Spirit   +   b - +0 scale mail
rPois   .          Reflect  .   (helmet restricted)
rElec   +          Harm     .   (no cloak)
rCorr   .          Rampage  .   (no gloves)
Will    .....                   (no boots)
Stlth   ..........              B - amulet of guardian spirit
HPRegen 0.20/turn               (no ring)
MPRegen 0.10/turn               (no ring)

@: lethally poisoned (-1 -> -12), weak-willed
A: horns 2, retaliatory headbutt
a: no special abilities


You were on level 6 of the Dungeon.
You visited 1 branch of the dungeon, and saw 6 of its levels.

You collected 391 gold pieces.
You spent 22 gold pieces at shops.

Inventory:

Hand Weapons
 a - a +0 war axe
 k - the +8 whip "Yfacsu" (weapon) {pain, rElec Will+ Int-4 Dex+4}
   (You found it on level 2 of the Dungeon)

   In the hands of one skilled in necromantic magic, it inflicts extra damage on
   living creatures.
   Int:       It affects your intelligence (-4).
   Dex:       It affects your dexterity (+4).
   rElec:     It insulates you from electricity.
   Will:      It increases your willpower.
 q - a +2 sling of flaming
Missiles
 s - 9 poisoned darts (quivered)
 t - 26 stones
Armour
 b - a +0 scale mail (worn)
 c - a +0 buckler (worn)
 z - a +0 plate armour
Jewellery
 g - a ring of ice
 y - a ring of protection from fire
 B - an amulet of guardian spirit (around neck)
Scrolls
 e - 2 scrolls of vulnerability
 j - a scroll of brand weapon {unknown}
 n - 2 scrolls of poison {unknown}
 o - 2 scrolls of magic mapping {unknown}
 p - 8 scrolls of identify
 u - a scroll of enchant armour {unknown}
 v - 2 scrolls of fear {unknown}
 w - a scroll of enchant weapon {unknown}
 x - a scroll of summoning {unknown}
Potions
 d - 2 potions of might
 f - a potion of brilliance {unknown}
 h - 2 potions of heal wounds {unknown}
 i - 2 potions of ambrosia {unknown}
 l - a potion of curing {unknown}
 m - 3 potions of degeneration {unknown}
 r - 2 potions of haste {unknown}
 A - a potion of mutation {unknown}
 C - a potion of invisibility {unknown}
 D - a potion of flight {unknown}


   Skills:
 * Level 6.1 Fighting
 - Level 2.9(5.2) Axes
 * Level 6.8(7.1) Maces & Flails
 + Level 5.2 Armour
 + Level 2.9 Dodging
 + Level 0.2 Stealth
 + Level 4.4 Shields


You had 6 spell levels left.
You didn't know any spells.
Your spell library contained the following spells:

 Spells                   Type           Power      Damage    Failure   Level
 Poisonous Vapours        Pois/Air       0%         N/A       97%         2
 Sublimation of Blood     Necr           0%         N/A       97%         2
 Ozocubu's Armour         Ice            0%         N/A       100%        3
 Corpse Rot               Necr/Pois/Air  0%         N/A       100%        4
 Petrify                  Tmut/Erth      0%         N/A       100%        4
 Irradiate                Conj/Tmut      0%         3d11      100%        5
 Summon Forest            Summ/Tloc      0%         N/A       100%        5
 Summon Mana Viper        Hex/Summ       0%         N/A       100%        5
 Summon Cactus Giant      Summ           0%         N/A       100%        6
 Ozocubu's Refrigeration  Ice            0%         4d7       100%        7


Dungeon Overview and Level Annotations

Branches:
Dungeon (6/15)
 Temple: D:4-7

Altars:
Elyvilon
Hepliaklqana

Shops:
D:4 ?


Innate Abilities, Weirdness & Mutations

You have a pair of horns on your head.
You reflexively headbutt those who attack you in melee.


Message History

The killer bee attacks as you move away!
The killer bee stings you but does no damage.
You feel very sick. The killer bee barely misses you.
You block the killer bee's attack.
The killer bee attacks as you move away!
The killer bee misses you.
You feel sick. The killer bee stings you.
You are more poisoned.
The killer bee poisons you!
The killer bee stings you but does no damage.
The killer bee attacks as you move away!
The killer bee stings you.
You are more poisoned.
The killer bee poisons you!
The killer bee attacks as you move away!
The killer bee stings you but does no damage.
You feel very sick. The killer bee stings you.
The killer bee stings you but does no damage.
The killer bee stings you.
You are too injured to fight recklessly!
You are too injured to fight recklessly!
You are too injured to fight recklessly!
You are too injured to fight recklessly!
You closely miss the killer bee.
You feel very sick. You block the killer bee's attack.
The killer bee stings you!
* * * LOW HITPOINT WARNING * * *
The killer bee stings you.
* * * LOW HITPOINT WARNING * * *
You closely miss the killer bee.
* * * LOW HITPOINT WARNING * * *
You feel very sick.
The killer bee closely misses you. x3; You furiously retaliate!
You headbutt the killer bee.
As you read the scroll labelled KALEEP YDAHEPN, it crumbles to dust.
Magic quickly surges around you.
It was a scroll of vulnerability.
* * * LOW HITPOINT WARNING * * *
You feel very sick. The killer bee stings you.
You die...

#.......##...... ####
#.......#....... ###...
##......##......
#.....##.....######.##.
.....#......# #.#..#..
.
.....#...#............
#. #.....##.#.......)>
#. ##.......##......))
.#..###@.....##
#....... ......yyy...##
........ .......h..#..#
.##...##
...?.....##..... ##....
.........# ...## ##..#
........## ..... #. #
?.......# .#.. #
.......## # #####.. .


You could see a black bear (weak-willed) and 3 killer bees.

Vanquished Creatures
  An ice beast (D:6)
  An ogre (D:6)
  3 scorpions
  A killer bee (D:6)
  3 hounds
  An orc priest (D:4)
  An iguana (D:5)
  Jessica (D:2)
  Terence (D:3)
  An orc wizard (D:3)
  7 gnolls
  7 adders
  A shadow imp (D:5)
  An ufetubus (D:5)
  4 worms
  A dart slug (D:1)
  13 orcs
  15 ball pythons
  11 endoplasms
  4 giant cockroaches
  8 goblins
  6 hobgoblins
  5 quokkas
  3 bats
  2 frilled lizards
  12 kobolds
  5 rats
119 creatures vanquished.

Vanquished Creatures (others)
  2 plants (D:2)
2 creatures vanquished.

Grand Total: 121 creatures vanquished

Notes
Turn   | Place    | Note
-------+----------+-------------------------------------------
     0 | D:1      | bjubeck the Minotaur Fighter began the quest for the Orb.
     0 | D:1      | Reached XP level 1. HP: 19/19 MP: 0/0
   115 | D:1      | Reached XP level 2. HP: 27/27 MP: 1/1
   315 | D:1      | Found a faded altar of an unknown god.
   641 | D:2      | Identified the +8 whip "Yfacsu" {pain, rElec Will+ Int-4
                  | Dex+4}
   670 | D:2      | Reached XP level 3. HP: 33/33 MP: 2/2
   713 | D:2      | Noticed Jessica
   729 | D:2      | Killed Jessica
   730 | D:2      | Reached skill level 1 in Dodging
   845 | D:2      | Reached skill level 1 in Maces & Flails
   845 | D:2      | Reached XP level 4. HP: 31/41 MP: 3/3
  1856 | D:3      | Reached XP level 5. HP: 47/47 MP: 4/4
  1994 | D:3      | Noticed Terence
  2000 | D:3      | Killed Terence
  2662 | D:4      | Reached XP level 6. HP: 51/53 MP: 5/5
  2857 | D:4      | Reached skill level 5 in Fighting
  3017 | D:4      | Found Kuniaheq's Magic Scroll Shoppe.
  3028 | D:4      | Bought a scroll of identify for 22 gold pieces
  3157 | D:5      | Entered Level 5 of the Dungeon
  3167 | D:5      | Reached skill level 5 in Maces & Flails
  3252 | D:5      | Reached XP level 7. HP: 58/61 MP: 6/6
  3269 | D:5      | Noticed a yak
  3310 | D:5      | Found a hazy altar of Hepliaklqana.
  3693 | D:5      | Reached skill level 5 in Armour
  3910 | D:5      | Found a white marble altar of Elyvilon.
  4279 | D:6      | Slain by a killer bee

Illustrated notes

Levels and vault maps discovered:
D:1:      dpeg_arrival_pits, layout_loops_ring,
          hellmonk_ecumenical_altar_slurped_away
D:2:      layout_loops_corners, serial_bayou_pond_b, st_stairs_13, uniq_jessica
D:3:      layout_loops_ring, uniq_terence
D:4:      layout_rooms, serial_shops, shop
D:5:      layout_basic, lemuel_crystal_altar,
          mainiacjoe_overflow_six_doors_small, lightli_corner_chamber
D:6:      layout_cave_pools, minmay_statues_item, dk_vineyard_3,
          minmay_misc_feat_five

Skill      XL: |  1  2  3  4  5  6  7 |
---------------+----------------------+-----
Fighting       | 4 5 6 |  6.1
Armour         | 4 5 |  5.2
Dodging        | 1 2 |  2.9
Shields        | 4 |  4.4
Maces & Flails | 1 2 3 5 6 |  6.8
Axes           | |  2.9
Stealth        | |  0.2

Action                   |  1- 3 |  4- 6 |  7- 9 || total
-------------------------+-------+-------+-------++-------
Melee: War axe           |    30 |       |       ||    30
       Headbutt          |     7 |    19 |     8 ||    34
       Whip              |    23 |   154 |    34 ||   211
  Use: Scroll            |       |       |     1 ||     1
Armor: Scale mail        |    17 |    31 |    14 ||    62
Dodge: Dodged            |    20 |    50 |    18 ||    88
Block: Buckler           |    14 |    34 |     7 ||    55
